 Dungeon Crawl Stone Soup version 0.30-a0-170-g85af917532 (webtiles) character file.

Game seed: 5693125251383236414

31 qw the Shield-Bearer (level 3, -1/23 HPs)
             Began as a Gargoyle Fighter on Sept 30, 2022.
             Slain by a gnoll
             ... wielding a +0 whip
              (2 damage)
             ... on level 2 of the Dungeon.
             The game lasted 00:00:22 (1202 turns).

qw the Shield-Bearer (Gargoyle Fighter)             Turns: 1202, Time: 00:00:23

Health: -1/23      AC: 12    Str: 21    XL:     3   Next: 22%
Magic:  3/3        EV:  9    Int:  8    God:
Gold:   77         SH:  4    Dex:  9    Spells: 2/2 levels left

rFire   . . .      SeeInvis .    Y - +0 war axe
rCold   . . .      Faith    .    c - +0 buckler
rNeg    + . .      Spirit   .    b - +0 scale mail
rPois   inf        Reflect  .    j - +0 helmet
rElec   +          Harm     .    (no cloak)
rCorr   .          Rampage  .    (no gloves)
Will    .....                    l - +0 pair of boots
Stlth   ..........               (no amulet)
HPRegen 0.07/turn                (no ring)
MPRegen 0.08/turn                (no ring)

@: no status effects
A: sickness immunity, AC +3, negative energy resistance 1, electricity
resistance, torment resistance 1, petrification resistance
a: no special abilities


You were on level 2 of the Dungeon.
You visited 1 branch of the dungeon, and saw 2 of its levels.

You collected 77 gold pieces.


Innate Abilities, Weirdness & Mutations

You are immune to sickness and miasma.
Your stone body is resilient. (AC +3)
You are immune to poison.
You resist negative energy. (rN+)
You are resistant to electric shocks. (rElec)
You are resistant to unholy torment.
You are immune to petrification.


   Skills:
 - Level 3.2 Fighting
 + Level 3.2 Axes
 - Level 3.2 Armour
 - Level 3.2 Shields


You had 2 spell levels left.
You didn't know any spells.
Your spell library was empty.

Inventory:

Hand Weapons
 i - a +0 whip
 Y - a +0 war axe (weapon)
Missiles
 k - 8 boomerangs (quivered)
Armour
 b - a +0 scale mail (worn)
 c - a +0 buckler (worn)
 e - a +0 pair of gloves
 j - a +0 helmet (worn)
 l - a +0 pair of boots (worn)
Scrolls
 a - a scroll of teleportation {unknown}
 f - 5 scrolls of identify
Potions
 d - a potion of might

Dungeon Overview and Level Annotations

Branches:
Dungeon (2/15)

Altars:

Shops:
D:1 ==   D:2 ((


Message History

2 gnolls come into view.
The gnoll shouts!
You hear a shout!
A gnoll comes into view. It is wielding a +0 whip.
A ball python comes into view.
Found 4 stones and a scroll labelled TOSSIN JEJU.
Enter note: The gnoll shouts!
The ball python hisses angrily.
An adder comes into view.
A giant cockroach comes into view.
There is a large open door here.
The adder hisses angrily.
The gnoll closely misses you. The gnoll hits you but does no damage.
You hit the gnoll.
The gnoll is lightly wounded.
An endoplasm comes into view.
A rat comes into view.
The gnoll hits you but does no damage. The gnoll closely misses you.
An adder comes into view.
The gnoll hits you from afar with a +0 halberd.
You block the gnoll's attack.
You closely miss the gnoll.
The gnoll is lightly wounded.
You closely miss the ball python.
The adder hisses angrily.
The ball python bites you but does no damage.
The ball python grabs you. The ball python constricts you.
A ball python comes into view.
The gnoll hits you with a +0 flail. The gnoll barely misses you.
The ball python hisses angrily.
You hit the ball python.
You kill the ball python!
You closely miss the gnoll. x2
You block the gnoll's attack. The gnoll closely misses you.
The gnoll hits you from afar with a +0 halberd!
The giant cockroach bites you but does no damage.
You barely miss the gnoll.
The gnoll is lightly wounded.
You barely miss the giant cockroach. You hit the gnoll.
The gnoll closely misses you. x2; The gnoll barely misses you.
The giant cockroach bites you but does no damage.
The gnoll hits you with a +0 whip.
You die...

##...............
#...####....(###
######...#
#.....#
.###........#
###.###
...........##
#%#####
.###.##.####
#.....# # #..#
#####.#
####''#### #.#
#.Sg@....# #.#
#...gB.....# ##.#
#....rgS.....#
#...
#.......J?.....
#..#
.......S.......
#..#
...............
#..#
...............
#..#
......8..8.....
#..# #..#


You could see 3 gnolls, 2 adders, an endoplasm, a giant cockroach, a ball python
and a rat.

Vanquished Creatures
  A dart slug (D:1)
  4 ball pythons
  6 endoplasms
  3 giant cockroaches
  A hobgoblin (D:1)
  4 kobolds (D:1)
  A quokka (D:1)
  2 bats
  A frilled lizard (D:1)
  4 rats
27 creatures vanquished.

Notes
Turn   | Place    | Note
-------+----------+-------------------------------------------
     0 | D:1      | qw the Gargoyle Fighter began the quest for the Orb.
     0 | D:1      | Reached XP level 1. HP: 14/14 MP: 1/1
     0 | D:1      | 0 ||| qw: Version: 0.2-a-12-gaebbb33
     0 | D:1      | 0 ||| qw: Game counter: 1451
     0 | D:1      | 0 ||| qw: Always use a shield: true
     0 | D:1      | 0 ||| qw: God list: Okawaru
     0 | D:1      | 0 ||| qw: Allow faded altars: false
     0 | D:1      | 0 ||| qw: Do Orc after D:15 true
     0 | D:1      | 0 ||| qw: Do second Lair branch before Depths: true
     0 | D:1      | 0 ||| qw: Lair rune preference: random
     0 | D:1      | 0 ||| qw: Plans: Normal, Zot:1-4, God:TSO, Crypt, Tomb,
                  | Pan, Slime:5, Hells, Abyss, Orb
     0 | D:1      | 0 ||| PLANNING D:1-11
   128 | D:1      | Reached XP level 2. HP: 19/19 MP: 2/2
   396 | D:1      | Found Mozuufir's Jewellery Boutique.
   474 | D:1      | 474 ||| SHOPLISTING amulet of guardian spirit (300 gold,
                  | have 13).
   474 | D:1      | 474 ||| SHOPLISTING amulet of reflection (300 gold, have
                  | 13).
   474 | D:1      | 474 ||| SHOPLISTING amulet of regeneration (300 gold, have
                  | 13).
   474 | D:1      | 474 ||| SHOPLISTING ring of fire (250 gold, have 13).
   474 | D:1      | 474 ||| SHOPLISTING ring of positive energy (200 gold, have
                  | 13).
   535 | D:1      | Found Ighen's Jewellery Emporium.
   543 | D:1      | Reached skill level 3 in Axes
   549 | D:1      | 549 ||| SHOPLISTING amulet of the acrobat (390 gold, have
                  | 17).
   549 | D:1      | 549 ||| SHOPLISTING ring "Mutuyz" {rC+ Int+3 Dex+2} (552
                  | gold, have 17).
   549 | D:1      | 549 ||| SHOPLISTING ring of ice (325 gold, have 17).
   549 | D:1      | 549 ||| SHOPLISTING ring of protection from fire (325 gold,
                  | have 17).
   659 | D:1      | Reached XP level 3. HP: 23/23 MP: 3/3
   801 | D:1      | 801 ||| UPGRADING to +0 helmet.
   806 | D:1      | 806 ||| UPGRADING to +0 pair of boots.
   811 | D:1      | 811 ||| READING scroll labelled XISKUU RICIY.
   812 | D:1      | 812 ||| READING 5 scrolls labelled WIGGIRH ILIRR.
   813 | D:1      | 813 ||| READING scroll labelled BEFYBB OJINI.
   914 | D:1      | 914 ||| READING scroll labelled NISKOM ENLAXO.
  1021 | D:2      | Found Baihoycs's Antique Weapon Boutique.
  1173 | D:2      | Found Ithozeu's Antique Weapon Shop.
  1178 | D:2      | 1178 ||| SHOPLISTING flail (87 gold, have 77).
  1201 | D:2      | HP: 1/23 [gnoll/+0 halberd (11)]
  1202 | D:2      | Slain by a gnoll

Levels and vault maps discovered:
D:1:      tarquinn_simple_flora_water_c, layout_loops_ring, serial_shops,
          nicolae_diamond_shop, shop, chequers_serial_rivers_small_b,
          minmay_heptomino_l4
D:2:      kennysheep_big_flooded_room, layout_loops_ring, serial_shops,
          nicolae_shop_crystal, nicolae_shop_stone, nicolae_lakefront_shop,
          shop, shop, shapermc_ecumenical_altar_flowoftime, kennysheep_doodads,
          minmay_misc_feat_rows

Skill      XL: |  1  2 |
---------------+-------+-----
Axes           | 2 3 |  3.2
Fighting       | |  3.2
Armour         | |  3.2
Shields        | |  3.2

Action                   || total
-------------------------++-------
Melee: War axe           ||    66
Throw: Boomerang         ||    17
  Use: Scroll            ||     4
Armor: Scale mail        ||    38
Dodge: Dodged            ||    40
Block: Buckler           ||    14

Table legend:
 A = Non-vault XP
 B = Vault XP
 C = Vault XP percentage of total XP
 D = Non-vault monster count
 E = Vault monster count
 F = Vault count percentage of total count
                 A         B        C        D         E       F
            +---------+---------+-------+---------+---------+-------
      Total |      39 |       6 |  13.3 |      24 |       3 |  11.1
            +---------+---------+-------+---------+---------+-------
        D:1 |      29 |       6 |  17.1 |      18 |       3 |  14.3
        D:2 |      10 |       0 |   0.0 |       6 |       0 |   0.0
            +---------+---------+-------+---------+---------+-------
